[Event "Titled Tuesday Blitz March 29 Early 2022"]
[White "Przybylski, Wojciech"]
[Black "Mihailidis, Anastasios"]
[WhiteFideId "1117599"]
[BlackFideId "4205588"]
[WhiteElo "2133"]
[BlackElo "2312"]
[Result "1-0"]
[Round "03"]
[TimeControl "180+1"]
[Date "2022.03.30"]
[WhiteClock "0:00:05"]
[BlackClock "0:00:05"]

1. d4 d5 2. Nf3 e6 3. Bg5 Be7 4. Bf4 Nf6 5. g4 c5 6. e3 cxd4 7. exd4 Nxg4 8. Rg1 Nf6 9. Rxg7 Nh5 10. Rg4 f5 11. Bb5+ Bd7 12. Bxb8 fxg4 13. Bxd7+ Qxd7 14. Ne5 Qc8 15. Qxg4 Nf6 16. Qg7 Rf8 17. Nc3 Rxb8 18. O-O-O Qc7 19. Kb1 Bd6 20. Qg5 Bxe5 21. dxe5 Nd7 22. f4 a6 23. Rg1 Nb6 24. Qh6 Rd8 25. Rg7 Rd7 26. Qxe6+ Kd8 27. Rg4 Re8 28. Qf6+ Kc8 29. e6 Rde7 30. f5 d4 31. Ne4 Qxh2 32. b3 d3 33. Qc3+ Kb8 34. Qxd3 Rc7 35. Nd6 Rd8 36. e7 Rxe7 37. Rd4 Red7 38. f6 Rxd6 39. Rxd6 Qxd6 40. Qf5 Qd1+ 41. Kb2 Qd4+ 42. Kb1 Qd7 43. Qf4+ Ka7 44. f7 Rf8 45. a4 Qxf7 46. Qe3 Qf6 47. a5 h5 48. Qc5 Rg8 49. Qxh5 Qg6 50. axb6+ Qxb6 51. Qd1 Rd8 52. Qe2 Rd6 53. Kb2 Rc6 54. c3 Qc5 55. Qd3 Rd6 56. Qe2 Qb6 57. b4 Rc6 58. Kb3 Qb5 59. Qe4 Qb6 60. Qd3 Qc7 61. Qd4+ Kb8 62. c4 Qg3+ 63. Ka4 b5+ 64. cxb5 axb5+ 65. Kxb5 Rc7 66. Qd8+ Kb7 67. Qd5+ Kc8 68. Qe6+ Rd7 69. Qe8+ Kc7 70. Qe4 Qg5+ 71. Ka6 Rd6+ 72. Ka7 Qd8 73. Qb7# 1-0


[Site "https://www.chess.com"]

[Event "Titled Tuesday Blitz March 29 Early 2022"]
[White "Rabineau, Clement"]
[Black "Tasev, Dejan"]
[WhiteFideId "628891"]
[BlackFideId "936618"]
[WhiteElo "2237"]
[BlackElo "2253"]
[Result "0-1"]
[Round "03"]
[TimeControl "180+1"]
[Date "2022.03.30"]
[WhiteClock "0:00:03"]
[BlackClock "0:00:30"]

1. e4 e5 2. Nf3 Nf6 3. Nc3 Nc6 4. d4 exd4 5. Nxd4 Bc5 6. Be3 Bb6 7. Nf5 O-O 8. Bxb6 axb6 9. Ne3 Re8 10. Bd3 d6 11. O-O Ra5 12. Ncd5 Nxe4 13. c4 Nf6 14. Qd2 Be6 15. Nf4 Ne5 16. Nxe6 fxe6 17. Bc2 Nc6 18. b4 Rh5 19. a3 e5 20. f4 exf4 21. Rxf4 Rhe5 22. Ng4 Nxg4 23. Rxg4 Qe7 24. h4 Re1+ 25. Rxe1 Qxe1+ 26. Qxe1 Rxe1+ 27. Kf2 Rc1 28. Be4 Ne5 29. Bd5+ Kf8 30. Rf4+ Ke7 31. Ke2 c6 32. Bg8 h6 33. g4 Rc2+ 34. Kd1 Rc3 35. a4 Ra3 36. b5 Rxa4 37. c5 Rxf4 0-1


[Site "https://www.chess.com"]

[Event "Titled Tuesday Blitz March 29 Early 2022"]
[White "Reprintsev, Alexander"]
[Black "Smietanska, Wiktoria"]
[WhiteFideId "14100541"]
[BlackFideId "21869359"]
[WhiteElo "2108"]
[BlackElo "1893"]
[Result "1-0"]
[Round "03"]
[TimeControl "180+1"]
[Date "2022.03.30"]
[WhiteClock "0:00:53"]
[BlackClock "0:00:32"]

1. e4 c5 2. b3 Nc6 3. Bb2 d5 4. exd5 Qxd5 5. Nc3 Qd7 6. Qf3 Nd4 7. Qd3 Qf5 8. O-O-O Qxf2 9. Nh3 Qf5 10. Ne4 e5 11. Re1 Be7 12. g4 Qf3 13. Qxf3 Nxf3 14. Re3 Nd4 15. c3 Nc6 16. Nhf2 Nf6 17. Nxf6+ Bxf6 18. Bg2 O-O 19. Bxc6 bxc6 20. Ne4 Be7 21. g5 a5 22. Ba3 a4 23. Kb2 axb3 24. axb3 Be6 25. Bxc5 Bxc5 26. Nxc5 Bd5 27. Ra1 Rxa1 28. Kxa1 Re8 29. c4 Bg2 30. Kb2 f6 31. gxf6 gxf6 32. Rg3+ Kf7 33. Rxg2 1-0


[Site "https://www.chess.com"]

[Event "Titled Tuesday Blitz March 29 Early 2022"]
[White "Riehle, Marco"]
[Black "Nan, M K Khine Hlyan"]
[WhiteFideId "12904392"]
[BlackFideId "13002899"]
[WhiteElo "2462"]
[BlackElo "1943"]
[Result "1-0"]
[Round "03"]
[TimeControl "180+1"]
[Date "2022.03.30"]
[WhiteClock "0:02:35"]
[BlackClock "0:02:17"]

1. e4 d6 2. d4 g6 3. c4 Bg7 4. Nc3 e6 5. f3 Ne7 6. Be3 Nd7 7. Qd2 e5 8. d5 Nf6 9. O-O-O Bd7 10. Bd3 Neg8 11. Nge2 Qe7 12. g4 O-O-O 13. h4 h5 14. g5 Ne8 15. Bxa7 b6 16. c5 dxc5 17. Ba6# 1-0


[Site "https://www.chess.com"]

[Event "Titled Tuesday Blitz March 29 Early 2022"]
[White "Rodriguez, Santiago"]
[Black "Wong, Yinn Long"]
[WhiteFideId "3000591"]
[BlackFideId "5707684"]
[WhiteElo "2256"]
[BlackElo "2055"]
[Result "0-1"]
[Round "03"]
[TimeControl "180+1"]
[Date "2022.03.29"]
[WhiteClock "0:00:23"]
[BlackClock "0:00:51"]

1. d4 Nf6 2. Bg5 g6 3. Bxf6 exf6 4. e3 Bg7 5. c4 d6 6. Nc3 O-O 7. g3 f5 8. Nge2 c6 9. Bg2 Nd7 10. b4 Nf6 11. Rb1 a6 12. Qd3 h5 13. h4 Re8 14. O-O Be6 15. d5 cxd5 16. Nxd5 Ng4 17. Rfd1 Rc8 18. Nef4 Ne5 19. Qe2 Nxc4 20. Nxe6 Rxe6 21. Nf4 Re7 22. Bd5 Ne5 23. b5 axb5 24. Rxb5 b6 25. Rdb1 Bh6 26. Rxb6 Bxf4 27. exf4 Ng4 28. Qa6 Kg7 29. Rxd6 Qe8 30. Bxf7 Re1+ 31. Rxe1 Qxe1+ 32. Qf1 Qxf1+ 33. Kxf1 Kxf7 34. Rd2 Rc1+ 35. Kg2 Ra1 36. Rd7+ Ke6 37. Ra7 Re1 38. Ra6+ Kf7 39. Ra7+ Re7 40. Ra6 Re2 41. Ra7+ Kf6 42. Ra6+ Kg7 43. Ra7+ Kh6 44. a4 Rxf2+ 45. Kg1 Ra2 46. a5 Ne3 47. a6 Nd5 48. Rd7 Nb4 49. a7 Nc6 0-1


[Site "https://www.chess.com"]

[Event "Titled Tuesday Blitz March 29 Early 2022"]
[White "Rustemov, Alexander"]
[Black "Nakamura, Hikaru"]
[WhiteFideId "4119002"]
[BlackFideId "2016192"]
[WhiteElo "2762"]
[BlackElo "2850"]
[Result "0-1"]
[Round "03"]
[TimeControl "180+1"]
[Date "2022.03.29"]
[WhiteClock "0:00:01"]
[BlackClock "0:01:22"]

1. d4 g6 2. c4 Bg7 3. Nf3 d6 4. g3 Nf6 5. Bg2 O-O 6. Nc3 c6 7. O-O Bf5 8. Nh4 Bc8 9. e4 e5 10. Nf3 Bg4 11. h3 Bxf3 12. Bxf3 exd4 13. Qxd4 Nd5 14. Qd3 Nxc3 15. bxc3 Nd7 16. Rb1 Ne5 17. Qe2 Rb8 18. Rd1 Qa5 19. Rxd6 Rfd8 20. Rxd8+ Rxd8 21. Bf4 Qxc3 22. Kg2 b6 23. Rc1 Qd4 24. Bxe5 Qxe5 25. Rd1 Re8 26. Rd7 a5 27. a4 Bf8 28. Qe3 Bc5 29. Qf4 Qe6 30. Bg4 Qxe4+ 31. Qxe4 Rxe4 32. Bf3 Rxc4 33. Bxc6 Rc2 34. Bd5 Rxf2+ 35. Kh1 h5 36. h4 Kg7 37. Rb7 Bd6 0-1


[Site "https://www.chess.com"]

[Event "Titled Tuesday Blitz March 29 Early 2022"]
[White "Sanchez Alvares, Kelvin Antonio"]
[Black "Batsiashvili, Nino"]
[WhiteFideId "3906680"]
[BlackFideId "13602993"]
[WhiteElo "2193"]
[BlackElo "2192"]
[Result "0-1"]
[Round "03"]
[TimeControl "180+1"]
[Date "2022.03.30"]
[WhiteClock "0:00:07"]
[BlackClock "0:00:22"]

1. e4 c6 2. d4 d5 3. e5 c5 4. dxc5 e6 5. Be3 Nd7 6. Nf3 Bxc5 7. Bxc5 Nxc5 8. Nbd2 Ne7 9. Be2 O-O 10. O-O Ng6 11. Re1 Qc7 12. Bd3 Bd7 13. Nb3 Nxd3 14. cxd3 f6 15. Rc1 Qb6 16. Nc5 Rad8 17. exf6 Rxf6 18. Qb3 Qxb3 19. axb3 b6 20. Nxd7 Rxd7 21. Rc6 Re7 22. Ng5 e5 23. Rc8+ Rf8 24. Rec1 h6 25. Nf3 Nf4 26. Rxf8+ Kxf8 27. Rc8+ Kf7 28. Rd8 d4 29. Ne1 Rc7 30. g3 Ne6 31. Ra8 a5 32. Kf1 Nc5 33. Rb8 Rc6 34. Nf3 Re6 35. Ke2 Nxb3 36. Nd2 Nxd2 37. Kxd2 h5 38. Rd8 h4 39. f4 exf4 40. gxf4 Rg6 41. Rxd4 Rg2+ 42. Kc3 Rxh2 43. Rd7+ Kf6 44. Rd6+ Kf5 45. Rxb6 Rg2 46. Rb5+ Kxf4 47. Rxa5 h3 48. Ra4+ Kf3 49. Rh4 h2 50. b4 g5 51. Rh8 g4 52. b5 g3 53. b6 Rg1 54. b7 Rb1 0-1


[Site "https://www.chess.com"]

[Event "Titled Tuesday Blitz March 29 Early 2022"]
[White "Schut, Han"]
[Black "Obolentseva, Alexandra"]
[WhiteFideId "1005561"]
[BlackFideId "24153648"]
[WhiteElo "2057"]
[BlackElo "2113"]
[Result "0-1"]
[Round "03"]
[TimeControl "180+1"]
[Date "2022.03.30"]
[WhiteClock "0:00:30"]
[BlackClock "0:01:07"]

1. e4 c5 2. Nf3 d6 3. d4 cxd4 4. Nxd4 Nf6 5. f3 a6 6. c4 e6 7. Nc3 Be7 8. Be3 Nbd7 9. Be2 O-O 10. O-O Qc7 11. Qd2 b6 12. Rac1 Bb7 13. Rfd1 Rac8 14. Bf1 Qb8 15. Qf2 Rfd8 16. b4 d5 17. exd5 exd5 18. Nxd5 Nxd5 19. cxd5 Rxc1 20. Rxc1 Bxd5 21. a3 b5 22. Nf5 Bf8 23. Bc5 Nxc5 24. bxc5 Bc4 25. Bxc4 bxc4 26. Qg3 Bxc5+ 27. Kf1 Qxg3 28. Nxg3 Bxa3 29. Rxc4 a5 30. Ne4 Bb4 31. Ke2 f6 32. Nf2 Rd2+ 33. Ke3 Ra2 34. Nd3 Rxg2 35. Rc8+ Kf7 36. Rc7+ Be7 37. Nf4 Rg1 38. Ke2 Ke8 39. Ra7 Bb4 40. Ne6 Re1+ 0-1


[Site "https://www.chess.com"]

[Event "Titled Tuesday Blitz March 29 Early 2022"]
[White "Seo, Jung Min"]
[Black "Baches Garcia, Guillermo"]
[WhiteFideId "1734687"]
[BlackFideId "2209764"]
[WhiteElo "2401"]
[BlackElo "2493"]
[Result "1-0"]
[Round "03"]
[TimeControl "180+1"]
[Date "2022.03.30"]
[WhiteClock "0:01:55"]
[BlackClock "0:00:31"]

1. e4 c5 2. Nf3 d6 3. d4 cxd4 4. Nxd4 Nf6 5. Nc3 Nc6 6. Be2 e5 7. Nb3 Be7 8. O-O O-O 9. f4 a5 10. a4 Nb4 11. Be3 Bd7 12. Bf3 Bc6 13. Nd5 Bxd5 14. exd5 e4 15. Be2 Nbxd5 16. Bd4 Rc8 17. c3 Qd7 18. Nd2 Nc7 19. Nc4 Qf5 20. Qb3 Ne6 21. Ne3 Nxd4 22. Nxf5 Nxb3 23. Nxe7+ Kh8 24. Nxc8 Nxa1 25. Nxd6 Nc2 26. Kf2 e3+ 27. Kf3 1-0


[Site "https://www.chess.com"]

[Event "Titled Tuesday Blitz March 29 Early 2022"]
[White "Sergienko, Sergey"]
[Black "Di Nicolantonio, Lucas"]
[WhiteFideId "4115791"]
[BlackFideId "680460"]
[WhiteElo "2193"]
[BlackElo "2381"]
[Result "0-1"]
[Round "03"]
[TimeControl "180+1"]
[Date "2022.03.30"]
[WhiteClock "0:00:22"]
[BlackClock "0:00:48"]

1. e4 c5 2. Nf3 Nc6 3. Bb5 e5 4. O-O Bd6 5. Na3 Nge7 6. Re1 O-O 7. Bf1 Bc7 8. Nc4 d6 9. h3 f5 10. d3 Kh8 11. a3 Ng6 12. Rb1 Nh4 13. Nxh4 Qxh4 14. g3 Qf6 15. Qd2 Nd4 16. Bg2 fxe4 17. dxe4 Bxh3 18. c3 Nf3+ 19. Bxf3 Qxf3 20. Ne3 Bd8 21. b4 Bg5 22. Rb2 Bxe3 23. fxe3 Qxg3+ 0-1


[Site "https://www.chess.com"]

[Event "Titled Tuesday Blitz March 29 Early 2022"]
[White "Shandrygin, Nikita"]
[Black "Kucuksari, Kaan"]
[WhiteFideId "24198668"]
[BlackFideId "6380166"]
[WhiteElo "2324"]
[BlackElo "2305"]
[Result "0-1"]
[Round "03"]
[TimeControl "180+1"]
[Date "2022.03.30"]
[WhiteClock "0:00:04"]
[BlackClock "0:00:10"]

1. Nf3 Nf6 2. g3 d5 3. d3 c6 4. Bg2 Bg4 5. Ne5 Bf5 6. c4 Nbd7 7. Nxd7 Qxd7 8. Nd2 Bh3 9. Bxh3 Qxh3 10. cxd5 cxd5 11. Qa4+ Qd7 12. Qxd7+ Kxd7 13. Nf3 e6 14. Bd2 Bd6 15. Bc3 Rhc8 16. Kd2 b5 17. a3 a5 18. Bxf6 gxf6 19. Rhc1 e5 20. Rxc8 Rxc8 21. Rc1 Rb8 22. Nh4 a4 23. Nf5 Bf8 24. e4 d4 25. f4 b4 26. axb4 Bxb4+ 27. Kc2 a3 28. bxa3 Bxa3 29. Rb1 Rc8+ 30. Kd2 Rc7 31. Rb6 Be7 32. h4 Ra7 33. Ke2 Kc7 34. Rb2 Bc5 35. Rc2 Kb6 36. Rb2+ Kc6 37. Rc2 Kb5 38. Kf3 Ra3 39. Rd2 Bb4 40. Rd1 Ka4 41. Kg4 Kb3 42. fxe5 Kc2 43. Rf1 fxe5 44. Nh6 Kxd3 45. Nxf7 Kxe4 46. Ng5+ Kd5 47. Nxh7 d3 48. Nf6+ Kd4 49. h5 d2 50. Kf5 Rf3+ 51. Rxf3 d1=Q 52. Kg4 e4 0-1


[Site "https://www.chess.com"]

[Event "Titled Tuesday Blitz March 29 Early 2022"]
[White "Shtyka, Sergey"]
[Black "Sargsyan, Anna M."]
[WhiteFideId "4138465"]
[BlackFideId "13308130"]
[WhiteElo "2014"]
[BlackElo "2271"]
[Result "0-1"]
[Round "03"]
[TimeControl "180+1"]
[Date "2022.03.30"]
[WhiteClock "0:00:07"]
[BlackClock "0:00:40"]

1. e4 c6 2. Nf3 d5 3. Nc3 Bg4 4. h3 Bxf3 5. Qxf3 Nf6 6. d3 e6 7. a3 Nbd7 8. g3 Bc5 9. Bg2 O-O 10. O-O Re8 11. Kh2 b5 12. Qe2 Bd4 13. f4 e5 14. f5 dxe4 15. Nxe4 Nxe4 16. Bxe4 Rc8 17. c3 Bb6 18. g4 Nc5 19. f6 Nxe4 20. Qxe4 Qd5 21. fxg7 Qxe4 22. dxe4 Kxg7 23. Bg5 Re6 24. Rad1 Kg6 25. Rf5 f6 26. Bh4 Be3 27. Rd7 h6 28. Bf2 Bf4+ 29. Bg3 Bc1 30. h4 h5 31. Rxh5 Rg8 32. Rhh7 Bxb2 33. Rxa7 Rd6 34. Kh3 Bxc3 35. Bf2 Rd3+ 36. Kg2 Rd2 37. Kf3 Rd3+ 38. Ke2 Rh3 39. Be3 Rxe3+ 40. Kxe3 Bd4+ 41. Kf3 Bxa7 42. Rxa7 Rd8 43. h5+ Kh6 44. Rf7 Rd3+ 45. Ke2 Rd6 46. Ke3 c5 47. Rc7 c4 48. Rc5 Rd3+ 49. Kf2 Kg5 50. Rxb5 Kxg4 51. h6 Rxa3 52. h7 Rh3 53. Rb7 Kf4 54. Rc7 c3 55. Rxc3 Rxh7 56. Rc4 Rh2+ 57. Ke1 Ke3 58. Kf1 Rf2+ 59. Kg1 Rf4 60. Kg2 Rxe4 61. Rc3+ Kd4 62. Rf3 Rf4 63. Rxf4+ exf4 64. Kf3 Ke5 65. Kf2 Ke4 66. Ke2 f3+ 67. Kf2 Kf4 68. Kf1 Ke3 69. Ke1 f2+ 70. Kf1 f5 71. Kg2 Ke2 0-1


[Site "https://www.chess.com"]

[Event "Titled Tuesday Blitz March 29 Early 2022"]
[White "Shuvalova, Polina"]
[Black "Shvedova, Alexandra"]
[WhiteFideId "24171760"]
[BlackFideId "54154782"]
[WhiteElo "2355"]
[BlackElo "1912"]
[Result "1-0"]
[Round "03"]
[TimeControl "180+1"]
[Date "2022.03.30"]
[WhiteClock "0:01:38"]
[BlackClock "0:00:02"]

1. d4 Nf6 2. Nf3 d5 3. Bf4 e6 4. e3 Bd6 5. Bxd6 Qxd6 6. c4 b6 7. Nc3 Bb7 8. Rc1 a6 9. cxd5 exd5 10. Bd3 Nbd7 11. O-O O-O 12. Ne2 c5 13. dxc5 bxc5 14. Nf4 Qb6 15. b3 Rfe8 16. Be2 Rac8 17. Qc2 Ne4 18. Rfd1 Ndf6 19. h3 h6 20. Qb2 c4 21. Qd4 Qxd4 22. Nxd4 g5 23. Nh5 Nxh5 24. Bxh5 c3 25. Nf5 Re6 26. Bf3 Kh7 27. Rc2 Kg6 28. Nd4 Ree8 29. Rdc1 Nd2 30. Be2 Ne4 31. Bd3 f5 32. Bxe4 fxe4 33. Rxc3 Kf6 34. Rc7 Rxc7 35. Rxc7 Bc8 36. g4 Be6 37. Rc6 a5 38. Ra6 Kf7 39. Ra7+ Re7 40. Rxa5 Rc7 41. Kg2 Ke7 42. Ra6 Bf7 43. Rxh6 Ra7 44. Nc6+ 1-0


[Site "https://www.chess.com"]

[Event "Titled Tuesday Blitz March 29 Early 2022"]
[White "Silva, Mariana Sofia T."]
[Black "Omelja, Artem"]
[WhiteFideId "1911899"]
[BlackFideId "14119846"]
[WhiteElo "1825"]
[BlackElo "2382"]
[Result "0-1"]
[Round "03"]
[TimeControl "180+1"]
[Date "2022.03.30"]
[WhiteClock "0:00:02"]
[BlackClock "0:00:06"]

1. d4 d5 2. c4 c6 3. Nf3 e6 4. g3 dxc4 5. Bg2 b5 6. O-O Nf6 7. Ne5 Bb7 8. a4 a6 9. b3 cxb3 10. Bb2 Be7 11. Nd2 O-O 12. Qxb3 Qb6 13. Ndc4 Qc7 14. Ne3 Nbd7 15. Rfc1 Nxe5 16. dxe5 Nd7 17. Nf1 Rfc8 18. f4 Qb6+ 19. Kh1 c5 20. Nd2 Bxg2+ 21. Kxg2 Qb7+ 22. Nf3 c4 23. Qe3 Nc5 24. Bd4 Nb3 25. Rab1 Nxc1 26. Rxc1 b4 27. Kf2 c3 28. Ne1 a5 29. Nd3 Qd7 30. f5 exf5 31. e6 Qxe6 32. Qf4 Qe4 0-1


[Site "https://www.chess.com"]

[Event "Titled Tuesday Blitz March 29 Early 2022"]
[White "Skliarov, Viktor"]
[Black "Tabatabaei, M. Amin"]
[WhiteFideId "14106736"]
[BlackFideId "12521213"]
[WhiteElo "2229"]
[BlackElo "2544"]
[Result "0-1"]
[Round "03"]
[TimeControl "180+1"]
[Date "2022.03.29"]
[WhiteClock "0:00:02"]
[BlackClock "0:00:28"]

1. e4 c6 2. d4 d5 3. e5 c5 4. dxc5 e6 5. a3 Bxc5 6. b4 Bb6 7. Bb2 Ne7 8. Nf3 O-O 9. Bd3 Nbc6 10. O-O Ng6 11. b5 Na5 12. g3 Bd7 13. Nbd2 Rc8 14. Qe2 Qc7 15. Rac1 Nc4 16. Bxc4 dxc4 17. Ne4 Bxb5 18. Nd6 Bc6 19. Nxc8 Rxc8 20. Rcd1 Bd5 21. Bd4 Qc6 22. Ne1 Bxd4 23. Rxd4 Qc5 24. c3 Qxa3 25. Qe3 Ne7 26. g4 a5 27. f4 Qc5 28. f5 Nc6 29. Re4 Qxe3+ 30. Rxe3 b5 31. f6 b4 32. Nc2 b3 33. Na3 a4 34. Kf2 gxf6 35. exf6 e5 36. g5 Be6 37. Rd1 h6 38. h4 Kh7 39. Rd6 hxg5 40. hxg5 Kg6 41. Rxe6 fxe6 42. Nxc4 Kxg5 43. Rf3 Rf8 44. f7 Kg6 45. Nb2 a3 46. Nd3 a2 0-1


[Site "https://www.chess.com"]

[Event "Titled Tuesday Blitz March 29 Early 2022"]
[White "Suarez Uriel, Adrian"]
[Black "Mika, Tomasz"]
[WhiteFideId "22230874"]
[BlackFideId "1132970"]
[WhiteElo "2316"]
[BlackElo "2116"]
[Result "1/2-1/2"]
[Round "03"]
[TimeControl "180+1"]
[Date "2022.03.30"]
[WhiteClock "0:00:30"]
[BlackClock "0:00:03"]

1. d4 d5 2. c4 e6 3. Nf3 c5 4. g3 Nc6 5. cxd5 exd5 6. Bg2 Nf6 7. O-O Be7 8. Nc3 O-O 9. dxc5 Bxc5 10. Bg5 h6 11. Bf4 d4 12. Nb5 Bf5 13. Rc1 Qb6 14. Nd6 Be6 15. a3 Rfd8 16. Nc4 Qb5 17. Nfe5 Nxe5 18. Nxe5 Rac8 19. b4 Be7 20. Rxc8 Rxc8 21. Qxd4 a5 22. bxa5 Qxa5 23. Bxb7 Rd8 24. Qa1 Qxa3 25. Qxa3 Bxa3 26. h4 Ng4 27. Nxg4 Bxg4 28. Ba6 Re8 29. Be3 Be7 30. Rc1 Bf6 31. Bb5 Rd8 32. Kg2 h5 33. Bd3 g6 34. Rc7 Be6 35. Bg5 Bxg5 36. hxg5 Rd5 37. f4 Kg7 38. Kf3 Ra5 39. Bc4 Bxc4 40. Rxc4 Ra3+ 41. e3 Ra5 42. Rc6 Rb5 43. Rc3 Ra5 44. e4 Rb5 45. e5 Rb6 46. Ke4 Rb4+ 47. Kd5 Rb5+ 48. Kd6 Rb6+ 49. Kc5 Rb8 50. Rd3 Rc8+ 51. Kb6 Rb8+ 52. Kc7 Rb5 53. Rd7 Kf8 54. Rd3 Rb4 55. Kd6 Rb6+ 56. Kc5 Ra6 57. Kd5 Ra5+ 58. Ke4 Ra4+ 59. Kf3 Ra6 60. g4 hxg4+ 61. Kxg4 Ra4 62. Kf3 Rb4 63. Ke3 Ra4 64. Rd4 Ra3+ 65. Ke4 Ra5 66. Rb4 Rc5 67. Ra4 Rc6 68. Kd5 Rb6 69. Rc4 Rb5+ 70. Kd6 Ra5 71. Rc8+ Kg7 72. Rc7 Ra6+ 73. Ke7 Re6+ 74. Kd7 Ra6 75. Rc6 Ra4 76. Rf6 Rd4+ 77. Kc6 Rd1 78. Kc5 Rd2 79. Rd6 Rc2+ 80. Kd5 Rd2+ 81. Kc6 Rf2 82. Rd4 Ra2 83. e6 Ra6+ 84. Kd5 Rxe6 85. Ra4 Re3 86. Rb4 Re2 87. Kd4 Re1 88. Rb6 Re2 89. Kd3 Re1 90. Kd4 Re2 91. Ra6 Rf2 92. Ke3 Rc2 93. f5 gxf5 94. Kf4 Rf2+ 95. Ke5 f4 96. Ke4 Rf1 97. Ra3 f3 98. Ra6 f2 99. Kf3 Rg1 100. Kxf2 Rxg5 101. Kf3 Rb5 102. Kf4 Rb4+ 103. Kf3 f6 104. Ke3 Kg6 105. Kf3 Rb3+ 106. Kf2 Kg5 107. Ra4 f5 108. Kg2 f4 109. Kf2 Kg4 110. Ra8 Rb2+ 111. Kf1 Kg3 112. Rg8+ Kf3 113. Kg1 Rb1+ 114. Kh2 Kf2 115. Ra8 Rb2 116. Ra1 f3 117. Kh1 Rc2 118. Kh2 Rd2 119. Rb1 Ke2 120. Kg3 f2 121. Kg2 Rd1 122. Rxd1 Kxd1 123. Kxf2 1/2-1/2


[Site "https://www.chess.com"]

[Event "Titled Tuesday Blitz March 29 Early 2022"]
[White "Szpar, Milosz"]
[Black "Legenia, Artem"]
[WhiteFideId "1184989"]
[BlackFideId "14136945"]
[WhiteElo "2447"]
[BlackElo "1936"]
[Result "1-0"]
[Round "03"]
[TimeControl "180+1"]
[Date "2022.03.30"]
[WhiteClock "0:00:39"]
[BlackClock "0:01:17"]

1. e4 c5 2. Nf3 e6 3. d4 cxd4 4. Nxd4 Nf6 5. Nc3 d6 6. g4 a6 7. g5 Nfd7 8. Be3 Nc6 9. Qe2 Be7 10. h4 Qc7 11. O-O-O b5 12. a3 Bb7 13. h5 Nxd4 14. Rxd4 O-O-O 15. f4 Kb8 16. Bg2 Nb6 17. Rhd1 Rhe8 18. a4 bxa4 19. Nxa4 Nxa4 20. Rxa4 Rc8 21. Rd3 d5 22. Rb3 Bc5 23. Bxc5 Qxc5 24. Kb1 Qc4 25. Rxc4 1-0


[Site "https://www.chess.com"]

[Event "Titled Tuesday Blitz March 29 Early 2022"]
[White "Sztokbant, Bernardo Vainzoff"]
[Black "Fernandez, Daniel Howard"]
[WhiteFideId "2115956"]
[BlackFideId "5801605"]
[WhiteElo "2237"]
[BlackElo "2466"]
[Result "0-1"]
[Round "03"]
[TimeControl "180+1"]
[Date "2022.03.30"]
[WhiteClock "0:00:01"]
[BlackClock "0:00:29"]

1. e4 e5 2. Nf3 Nc6 3. Bc4 Nf6 4. d3 Be7 5. O-O d6 6. c3 O-O 7. Re1 a6 8. Bb3 Kh8 9. Nbd2 Ng8 10. d4 Qe8 11. Nc4 Bg4 12. dxe5 dxe5 13. h3 Rd8 14. Qe2 Bxf3 15. Qxf3 Bc5 16. Be3 Bxe3 17. Nxe3 Nf6 18. Rad1 Qe7 19. Nf5 Qc5 20. Rxd8 Nxd8 21. Qg3 g6 22. Qh4 Qb6 23. Qh6 Rg8 24. Ne7 Re8 25. Rd1 Nxe4 26. Qh4 Nf6 27. Qg5 Qxf2+ 28. Kh1 Kg7 29. Qxe5 Nc6 30. Nxc6 Rxe5 31. Nxe5 Qxb2 32. Nxf7 Ne4 33. Kh2 Qxc3 34. Rd7 Qg3+ 35. Kg1 Kf6 36. Nh6 Qe3+ 37. Kh1 Qxh6 38. Rxc7 Qe3 0-1


[Site "https://www.chess.com"]

[Event "Titled Tuesday Blitz March 29 Early 2022"]
[White "Talibov, Shiroghlan"]
[Black "Sarana, Alexey"]
[WhiteFideId "13429078"]
[BlackFideId "24133795"]
[WhiteElo "2070"]
[BlackElo "2666"]
[Result "1/2-1/2"]
[Round "03"]
[TimeControl "180+1"]
[Date "2022.03.29"]
[WhiteClock "0:00:15"]
[BlackClock "0:00:06"]

1. c4 e6 2. Nc3 d5 3. d4 Bb4 4. Nf3 Ne7 5. cxd5 exd5 6. Bf4 O-O 7. e3 c6 8. Bd3 Bf5 9. O-O Nd7 10. Rc1 Bxd3 11. Qxd3 Ng6 12. Bg3 Re8 13. a3 Bf8 14. Rfe1 Nf6 15. Ne5 Qb6 16. Rc2 Qb3 17. Rec1 Nxe5 18. Bxe5 Ne4 19. Qe2 f6 20. Bf4 a6 21. Nxe4 Rxe4 22. Rc3 Qb5 23. Qc2 Rae8 24. Rb3 Qa4 25. h3 R4e7 26. Bd6 Rd7 27. Bxf8 Rxf8 28. Qc3 Rc8 29. Rb4 Qa5 30. Qc5 Qxc5 31. Rxc5 Kf7 32. Rb6 Ke7 33. Kf1 Kd6 34. a4 Kc7 35. a5 f5 36. g3 g5 37. Ke2 h5 38. Rc3 Rh8 39. Rcb3 Kc8 40. Rc3 h4 41. gxh4 Rxh4 42. b4 Rc7 43. b5 cxb5 44. Rxc7+ Kxc7 45. Rg6 g4 46. hxg4 Rxg4 47. Rf6 f4 48. exf4 b4 49. Kf3 Rg1 50. Rb6 Ra1 51. f5 Rxa5 52. f6 Kxb6 53. f7 b3 54. f8=Q b2 55. Qd8+ Ka7 56. Qxa5 b1=Q 57. Qc5+ Qb6 58. Qxd5 a5 59. Ke4 a4 60. f4 a3 61. f5 Qb1+ 62. Ke5 b6 63. Qd7+ Ka6 64. Qa4+ Kb7 65. Qd7+ Kb8 66. Qd8+ Kb7 67. Qd7+ Kb8 68. Qd8+ Kb7 69. Qd7+ 1/2-1/2


[Site "https://www.chess.com"]

[Event "Titled Tuesday Blitz March 29 Early 2022"]
[White "Tan, Jun Ying"]
[Black "Gareyev, Timur"]
[WhiteFideId "5710413"]
[BlackFideId "14200937"]
[WhiteElo "1827"]
[BlackElo "2582"]
[Result "0-1"]
[Round "03"]
[TimeControl "180+1"]
[Date "2022.03.29"]
[WhiteClock "0:00:05"]
[BlackClock "0:00:06"]

1. d4 d5 2. c4 e6 3. Nc3 c5 4. cxd5 cxd4 5. Qa4+ Bd7 6. Qxd4 exd5 7. Qxd5 Nf6 8. Qxb7 Nc6 9. Bf4 Bb4 10. Bc7 Qc8 11. Qxc8+ Rxc8 12. Bf4 Ne4 13. Rc1 Na5 14. f3 Nxc3 15. bxc3 Bxc3+ 16. Kf2 Bd4+ 17. Kg3 Ke7 18. Rd1 Bf6 19. e4 Rhd8 20. Ba6 Rc6 21. Bb5 g5 22. Bd2 Be5+ 23. Kf2 Rc2 24. Be2 Nc4 25. Bxc4 Rxc4 26. Bxg5+ f6 27. Be3 Rc2+ 28. Ne2 Bb5 29. Rde1 Bc3 30. f4 Rxa2 31. Kf3 Bxe1 32. Rxe1 Bxe2+ 33. Rxe2 Rxe2 34. Kxe2 a5 35. Bb6 Ra8 36. Bc5+ Ke6 37. Ke3 a4 38. Ba3 Rb8 39. Kd4 f5 40. g4 fxg4 41. f5+ Kf7 42. e5 h5 43. e6+ Kf6 44. Ke4 h4 45. Bd6 Rc8 46. Be5+ Ke7 47. Kf4 Rc4+ 48. Kg5 g3 49. Bf6+ Ke8 50. hxg3 hxg3 51. Be5 g2 52. Bh2 a3 53. f6 Rc6 54. f7+ Ke7 55. Kg6 Rxe6+ 56. Kg7 Rf6 57. Bd6+ Ke6 58. Bxa3 Rxf7+ 59. Kg6 g1=Q+ 60. Kh6 Rf6+ 61. Kh5 Qg6+ 62. Kh4 Rf4+ 63. Kh3 Qg4+ 64. Kh2 Rf2+ 65. Kh1 Qd1# 0-1


[Site "https://www.chess.com"]

[Event "Titled Tuesday Blitz March 29 Early 2022"]
[White "Tanenbaum, Zachary"]
[Black "Guseva, Marina"]
[WhiteFideId "2060850"]
[BlackFideId "4149351"]
[WhiteElo "2168"]
[BlackElo "2160"]
[Result "1-0"]
[Round "03"]
[TimeControl "180+1"]
[Date "2022.03.30"]
[WhiteClock "0:00:59"]
[BlackClock "0:00:01"]

1. e4 c5 2. Nf3 Nc6 3. Nc3 e5 4. Bc4 Be7 5. d3 d6 6. Nd2 Bg5 7. Nf1 Bxc1 8. Rxc1 Nge7 9. Ne3 O-O 10. O-O Rb8 11. a4 a6 12. Ned5 Nxd5 13. Nxd5 b5 14. axb5 axb5 15. Ba2 Be6 16. c3 b4 17. f4 exf4 18. Rxf4 bxc3 19. bxc3 Rb2 20. Rc2 Rxc2 21. Qxc2 Qg5 22. Rf3 Rb8 23. Rg3 Qe5 24. Qd2 g6 25. Rg5 Qg7 26. h3 Ne5 27. d4 cxd4 28. cxd4 Nc6 29. e5 dxe5 30. dxe5 Nxe5 31. Ne7+ Kh8 32. Qd6 Nf3+ 33. gxf3 Qa1+ 34. Kh2 Qxa2+ 35. Rg2 Rb5 36. Rxa2 1-0


[Site "https://www.chess.com"]